 Dungeon Crawl Stone Soup version 0.25-a0-474-ga8a2ee3166 (webtiles) character file.

Game seed: 5847061722064992010, levelgen mode: deterministic

7243 Elellon the Thaumaturge (level 10, 0/59 HPs)
             Began as a Deep Elf Conjurer on Feb 6, 2020.
             Was a Believer of Vehumet.
             Slain by a centaur warrior (9 damage)
             ... on level 9 of the Dungeon on Feb 7, 2020.
             The game lasted 00:19:14 (11642 turns).

Elellon the Thaumaturge (Deep Elf Conjurer)        Turns: 11642, Time: 00:19:14

Health: 0/59       AC:  4    Str:  7    XL:     10   Next: 88%
Magic:  26/28      EV: 18    Int: 22    God:    Vehumet [**....]
Gold:   456        SH:  5    Dex: 19    Spells: 21/33 levels left

rFire    . . .     SeeInvis .   k - +4 mace (protect)
rCold    . . .     Gourm    .   w - +0 buckler
rNeg     . . .     Faith    .   a - +0 robe
rPois    +         Spirit   .   y - +2 hat
rElec    .         Reflect  .   (no cloak)
rCorr    .         Harm     .   (no gloves)
MR       +....                  (no boots)
Stlth    ++........             (no amulet)
HPRegen  0.19/turn              g - ring of poison resistance
MPRegen  0.21/turn              r - +4 ring of dexterity

@: no status effects
A: no striking features
a: Renounce Religion


You were on level 9 of the Dungeon.
You worshipped Vehumet.
Vehumet was pleased with you.
You were not hungry.

You visited 2 branches of the dungeon, and saw 10 of its levels.

You collected 456 gold pieces.

Inventory:

Hand Weapons
 k - a +4 mace of protection (weapon)
 A - a +2 whip of flaming
Armour
 a - a +0 robe (worn)
 w - a +0 buckler (worn)
 y - a +2 hat (worn)
Jewellery
 g - a ring of poison resistance (left hand)
 r - a +4 ring of dexterity (right hand)
 u - an uncursed amulet of harm {unknown}
Wands
 n - a wand of flame (32)
 p - a wand of iceblast (8)
 t - a wand of clouds (9)
 v - a wand of disintegration (13)
Scrolls
 e - 2 scrolls of enchant armour
 h - 2 scrolls of identify
 i - a scroll of vulnerability {unknown}
 j - 2 scrolls of blinking {unknown}
 m - a scroll of teleportation
 s - 3 scrolls of remove curse
 x - a scroll of random uselessness {unknown}
 z - a scroll of amnesia
 C - a scroll of brand weapon {unknown}
Potions
 b - a potion of cancellation {unknown}
 d - 3 potions of agility {unknown}
 f - 3 potions of lignification {unknown}
 l - 2 potions of curing
 o - 3 potions of haste {unknown}
 q - 4 potions of brilliance {unknown}
Comestibles
 c - 15 rations
 B - 6 chunks of flesh


   Skills:
 + Level 5.1 Fighting
 + Level 8.0 Dodging
 - Level 2.4 Stealth
 + Level 3.7 Shields
 + Level 12.1 Spellcasting
 - Level 10.6 Conjurations
 * Level 4.0 Fire Magic


You had 21 spell levels left.
You knew the following spells:

 Your Spells              Type           Power        Failure   Level  Hunger
a - Magic Dart            Conj           ####         1%          1    None
b - Searing Ray           Conj           ######       1%          2    None
c - Iskenderun's Mystic   Conj/Tloc      #####...     5%          4    None
d - Bolt of Magma         Conj/Fire/Erth ####......   19%         5    ####...

Your spell library contained the following spells:

 Spells                   Type           Power        Failure   Level  Hunger
 Sandblast                Erth           ##....       4%          1    None
 Dazzling Flash           Conj/Hex       #####.       1%          3    None
 Animate Skeleton         Necr           N/A          4%          1    None
 Apportation              Tloc           ##....       4%          1    None
 Corona                   Hex            ##.....      4%          1    None
 Summon Small Mammal      Summ           ##..         4%          1    None
 Fulminant Prism          Conj/Hex       #####.....   5%          4    None
 Ensorcelled Hibernation  Hex/Ice        ##....       8%          2    None
 Confusing Touch          Hex            ##......     16%         3    None
 Tukima's Dance           Hex            ##......     16%         3    None
 Iskenderun's Battlesphe  Conj/Chrm      #####...     16%         5    ####...
 Orb of Destruction       Conj           ######....   50%         7    #######
 Iron Shot                Conj/Erth      #####.....   65%         6    #####..
 Spellforged Servitor     Conj/Summ      #####.....   99%         7    #######


Dungeon Overview and Level Annotations

Branches:
Dungeon (9/15)             Temple (1/1) D:5            Lair (0/6) D:9
    Orc: D:9-12

Altars:
Ashenzari
Cheibriados
Dithmenos
Fedhas
Gozag
Hepliaklqana
Kikubaaqudgha
Makhleb
Nemelex Xobeh
Qazlal
Ru
Sif Muna
Trog
Uskayaw
Vehumet
Wu Jian
Yredelemnul
Zin
The Shining One

Shops:
D:4 }   D:9 (

Annotations:
D:3 1 runed translucent door, Epan's ghost, amateur GrEE
D:4 2 runed translucent doors, Emblim88's ghost, novice TrBe


Message History

The centaur warrior shoots an arrow.
You block the arrow.
You see here an arrow.
The centaur warrior shoots an arrow.
The arrow hits you!
You see here an arrow.
The centaur warrior shoots an arrow.
The arrow hits you!!
You see here an arrow.
The centaur warrior unwields a +0 longbow.
You block the centaur warrior's attack.
Casting: Magic Dart (safe; 1% risk of failure)
Confirm with . or Enter, or press ? or * to list all spells.
Aiming: Searing Ray (safe; 1% risk of failure)
Press: ? - help, Shift-Dir - straight line, f/p - centaur warrior
Aim: a centaur warrior, quivering 25 arrows The searing ray hits the centaur warrior.
The centaur warrior is lightly wounded. (Press . to maintain the ray.)
The centaur warrior hits you!
* * * LOW HITPOINT WARNING * * *
The centaur warrior hits you!
You die...

##### #..# ###.##
##.# ##.).##
.......
#.####.....##
.......
#...#.......#
.......
##......_......
.......
#.##.......#..
.......
#..##.....##...
....... ##(.##...##
..
.....=.####@.###.##
.......(.((c.# ...
.......####.## ....
....... #..# .#
...##.# ##.# .. ..
.. # ... #.. ...
..# #... #>.


You could see a centaur warrior.

Vanquished Creatures
  A two-headed ogre (D:8)
  Pikel (D:7)
  A gargoyle (D:9)
  A hornet (D:6)
  A spriggan (D:7)
  Sigmund (D:2)
  A hungry ghost (D:8)
  Menkaure (D:4)
  3 wargs (D:9)
  2 water moccasins (D:8)
  2 orc warriors
  3 slaves (D:7)
  A black bear (D:8)
  A necrophage (D:7)
  2 sky beasts
  4 phantoms
  2 ice beasts
  6 ogres
  3 centaurs
  A crocodile (D:8)
  2 bullfrogs
  2 scorpions
  A water moccasin skeleton (D:8)
  14 killer bees
  3 howler monkeys (D:8)
  3 crimson imps
  A bullfrog zombie (D:7)
  7 orc wizards
  5 orc priests
  A bullfrog skeleton (D:7)
  5 hounds
  3 jellies
  2 iguanas
  5 worker ants
  Ijyb (D:3)
  Terence (D:2)
  4 centaur skeletons
  4 hound zombies
  A hound skeleton (D:5)
  7 adders
  3 gnolls (D:3)
  2 shadow imps
  An adder zombie (D:6)
  3 adder skeletons
  2 worms
  2 dart slugs
  5 leopard geckos
  21 orcs
  A ball python (D:2)
  5 giant cockroaches
  9 goblins
  10 hobgoblins
  13 jackals
  3 quokkas
  4 bats
  A frilled lizard (D:2)
  A jackal zombie (D:5)
  5 kobolds
  A quokka zombie (D:8)
  7 rats
209 creatures vanquished.

Notes
Turn   | Place    | Note
-------+----------+-------------------------------------------
     0 | D:1      | Elellon the Deep Elf Conjurer began the quest for the Orb.
     0 | D:1      | Reached XP level 1. HP: 10/10 MP: 6/6
   212 | D:1      | Reached XP level 2. HP: 15/15 MP: 2/8
   267 | D:1      | Learned a level 2 spell: Searing Ray
  1008 | D:2      | Reached skill level 4 in Spellcasting
  1008 | D:2      | Reached skill level 5 in Conjurations
  1008 | D:2      | Reached XP level 3. HP: 19/19 MP: 5/10
  1162 | D:2      | Noticed Terence
  1171 | D:2      | Killed Terence
  1171 | D:2      | Reached XP level 4. HP: 24/24 MP: 1/12
  1608 | D:2      | Noticed Sigmund
  1629 | D:2      | Killed Sigmund
  1629 | D:2      | Reached skill level 6 in Spellcasting
  1629 | D:2      | Reached XP level 5. HP: 20/28 MP: 4/15
  2085 | D:3      | Reached XP level 6. HP: 32/32 MP: 13/17
  2147 | D:3      | Found a faded altar of an unknown god.
  2192 | D:3      | Found a runed translucent door.
  2192 | D:3      | Noticed Epan's ghost (amateur GrEE)
  2441 | D:3      | Noticed Ijyb
  2448 | D:3      | Killed Ijyb
  3586 | D:4      | Reached skill level 7 in Spellcasting
  3656 | D:4      | Found Ystrobb's Gadget Boutique.
  3702 | D:4      | Found a stormy altar of Qazlal.
  3897 | D:4      | Reached XP level 7. HP: 32/36 MP: 12/20
  4023 | D:4      | Noticed Menkaure
  4276 | D:4      | Killed Menkaure
  4276 | D:4      | Reached skill level 8 in Spellcasting
  4489 | D:4      | Found a large runed translucent door.
  4489 | D:4      | Found a large runed translucent door.
  4534 | D:4      | Noticed Emblim88's ghost (novice TrBe)
  4759 | D:5      | Entered Level 5 of the Dungeon
  5253 | D:5      | Reached skill level 9 in Spellcasting
  5278 | D:5      | Reached XP level 8. HP: 41/41 MP: 14/23
  5355 | D:5      | Learned a level 4 spell: Iskenderun's Mystic Blast
  5756 | D:5      | Found a staircase to the Ecumenical Temple.
  5830 | Temple   | Entered the Ecumenical Temple
  5897 | Temple   | Became a worshipper of Vehumet
  6046 | D:6      | Noticed a hornet
  6052 | D:6      | Killed a hornet
  6052 | D:6      | Reached skill level 1 in Fighting
  6681 | D:6      | Reached skill level 10 in Spellcasting
  7260 | D:7      | Found a sacrificial altar of Ru.
  7267 | D:7      | Reached XP level 9. HP: 49/49 MP: 21/25
  7466 | D:7      | Reached skill level 5 in Dodging
  8004 | D:7      | Found a blossoming altar of Fedhas.
  8312 | D:7      | Reached * piety under Vehumet
  8312 | D:7      | Offered knowledge of Shock by Vehumet.
  8450 | D:7      | Reached skill level 1 in Shields
  8453 | D:7      | Reached skill level 10 in Conjurations
  8609 | D:7      | Noticed Pikel
  8619 | D:7      | Killed Pikel
  8619 | D:7      | Reached skill level 11 in Spellcasting
  9553 | D:8      | Reached XP level 10. HP: 38/56 MP: 16/27
  9877 | D:8      | Found an ornate altar of the Wu Jian Council.
 10089 | D:8      | Noticed a two-headed ogre
 10095 | D:8      | Killed a two-headed ogre
 10175 | D:8      | Learned a level 5 spell: Bolt of Magma
 10247 | D:8      | Offered knowledge of Sandblast by Vehumet.
 10247 | D:8      | Reached skill level 1 in Fire Magic
 10342 | D:8      | Reached ** piety under Vehumet
 10710 | D:9      | Found a shimmering blue altar of Sif Muna.
 10818 | D:8      | Upgraded the game from 0.25-a0-471-g78e40d7af6 to
                  | 0.25-a0-474-ga8a2ee3166
 10991 | D:9      | Found a shattered altar of Ashenzari.
 10995 | D:9      | Noticed a gargoyle
 11003 | D:9      | Killed a gargoyle
 11146 | D:9      | Reached skill level 12 in Spellcasting
 11283 | D:9      | Found a staircase to the Lair.
 11305 | D:9      | Reached skill level 5 in Fighting
 11409 | D:9      | Found Kymymiko's Weapon Emporium.
 11630 | D:9      | Noticed a centaur warrior
 11642 | D:9      | Slain by a centaur warrior

Levels and vault maps discovered:
D:1:      dpeg_arrival_erosion, layout_loops_ring, bh_walls_and_bars
D:2:      minmay_diamond_boxcup, layout_rooms, uniq_terence, uniq_sigmund
D:3:      layout_loops_corners, chequers_ecumenical_altar_simple,
          gammafunk_ghost_grave, corexii_corridor_pit, uniq_ijyb
D:4:      layout_basic, kennysheep_mini_moat, ebering_ghost_disaster_area,
          serial_shops, nicolae_shop_crystal, hangedman_decor_points,
          uniq_menkaure
D:5:      layout_layer_cave, minmay_temple_entry_mist, first_ration
D:6:      layout_loops_ring, due_unseen_surprise
D:7:      layout_layer_cave, lemuel_doored_altar, basic_altar, the_bakery,
          uniq_pikel
D:8:      layout_basic, kennysheep_mini
D:9:      layout_basic, lemuel_round_altar, erik_lair_orcish_takeover,
          basic_altar, serial_shops, shop
Temple:   eino_narrow_crystal_temple

Skill      XL: |  1  2  3  4  5  6  7  8  9 10 |
---------------+-------------------------------+-----
Spellcasting   | 4 6 7 9 10 11 12 | 12.1
Conjurations   | 5 6 7 8 9 10 | 10.6
Fighting       | 2 4 5 |  5.1
Dodging        | 4 6 8 |  8.0
Shields        | 2 3 |  3.7
Fire Magic     | 4 |  4.0
Stealth        | |  2.4

Action                   |  1- 3 |  4- 6 |  7- 9 | 10-12 || total
-------------------------+-------+-------+-------+-------++-------
 Cast: Magic Dart        |    41 |   108 |   168 |    50 ||   367
       Searing Ray       |     1 |    13 |    54 |    37 ||   105
       Iskenderun's Myst |       |       |     2 |       ||     2
  Use: Scroll            |       |    10 |       |       ||    10
  Eat: Chunk             |     1 |     8 |    13 |     7 ||    29
       Ration            |       |       |     1 |       ||     1
Armor: Robe              |       |     2 |     9 |     1 ||    12
Dodge: Dodged            |     2 |    13 |    36 |    31 ||    82
Block: Buckler           |       |       |     2 |    11 ||    13

Table legend:
 A = Non-vault XP
 B = Vault XP
 C = Vault XP percentage of total XP
 D = Non-vault monster count
 E = Vault monster count
 F = Vault count percentage of total count
                 A         B        C        D         E       F
            +---------+---------+-------+---------+---------+-------
      Total |    8389 |    1959 |  18.9 |     182 |      24 |  11.7
            +---------+---------+-------+---------+---------+-------
        D:1 |      24 |       0 |   0.0 |      13 |       0 |   0.0
        D:2 |      63 |     284 |  81.8 |      16 |      12 |  42.9
        D:3 |      97 |      36 |  27.1 |      23 |       1 |   4.2
        D:4 |     534 |     175 |  24.7 |      15 |       1 |   6.2
        D:5 |     424 |       0 |   0.0 |      21 |       0 |   0.0
        D:6 |     885 |       0 |   0.0 |      12 |       0 |   0.0
        D:7 |    1760 |     836 |  32.2 |      36 |       2 |   5.3
        D:8 |    2942 |       0 |   0.0 |      29 |       0 |   0.0
        D:9 |    1660 |     628 |  27.4 |      17 |       8 |  32.0
            +---------+---------+-------+---------+---------+-------
